 Dungeon Crawl Stone Soup version 0.21.1 (webtiles) character file.

22 Monsterracer the Vexing (level 2, 0/23 HPs)
             Began as a Draconian Arcane Marksman on Feb 2, 2018.
             Slain by an adder (2 damage)
             ... on level 2 of the Dungeon.
             The game lasted 00:01:19 (1173 turns).

Monsterracer the Vexing (Draconian Arcane Marksman) Turns: 1173, Time: 00:01:20

Health: 0/23       AC:  4    Str: 12    XL:     2   Next: 68%
Magic:  3/3        EV: 12    Int: 13    God:
Gold:   59         SH:  3    Dex: 11    Spells: 2/3 levels left

rFire    . . .     SeeInvis .     - Unarmed
rCold    . . .     Gourm    .   (no shield)
rNeg     . . .     Faith    .   (armour unavailable)
rPois    .         Spirit   .   (helmet restricted)
rElec    .         Reflect  +   (no cloak)
rCorr    .         Harm     .   (no gloves)
MR       .....                  (no boots)
Stlth    +.........             h - +3 amulet of reflection
HPRegen  0.07/turn              (no ring)
MPRegen  0.08/turn              (no ring)

@: lethally poisoned (0 -> -6)
A: unfitting armour, cold-blooded, AC +4
a: no special abilities


You were on level 2 of the Dungeon.
You were not hungry.

You visited 1 branch of the dungeon, and saw 2 of its levels.

You collected 59 gold pieces.

Inventory:

Missiles
 b - 3 javelins
 d - 2 throwing nets {!f}
 g - 36 stones (quivered)
Jewellery
 h - a +3 amulet of reflection (around neck)
Scrolls
 e - 2 scrolls of remove curse {unknown}
 i - a scroll of identify {unknown}
 j - a scroll of teleportation {unknown}
Potions
 f - a potion of magic {unknown}
Books
 a - a book of Debilitation

   Spells                             Type                      Level
   a - Corona                         Hexes                        1
   b - Slow                           Hexes                        2
   c - Inner Flame                    Hexes/Fire                   3
   d - Portal Projectile              Hexes/Translocation          3
   e - Cause Fear                     Hexes                        4
   f - Leda's Liquefaction            Hexes/Earth                  4
Comestibles
 c - 3 rations


   Skills:
 - Level 1.1 Fighting
 - Level 1.7 Throwing
 - Level 1.7 Dodging
 + Level 2.4 Unarmed Combat
 - Level 1.0 Spellcasting
 - Level 2.6 Hexes


You had 2 spell levels left.
You knew the following spells:

 Your Spells              Type           Power        Failure   Level  Hunger
a - Corona                Hex            #......      10%         1    ##.....


Dungeon Overview and Level Annotations

Branches:
Dungeon (2/15)

Altars:


Innate Abilities, Weirdness & Mutations

Your plain brown scales are hard. (AC +4)
You cannot fit into any form of body armour.
You are cold-blooded and may be slowed by cold attacks.


Message History

Aim: a goblin, wielding a club (heavily wounded)
You throw a stone. The stone barely misses the goblin.
Throwing (i - inventory. (,) - cycle):
g - 39 stones (quivered)
Press: ? - help, Shift-Dir - straight line, f/p - goblin
Aim: a goblin, wielding a club (heavily wounded)
You throw a stone. The stone hits the goblin.
The goblin is almost dead.
Throwing (i - inventory. (,) - cycle):
g - 38 stones (quivered)
Press: ? - help, Shift-Dir - straight line, f/p - goblin
Aim: a goblin, wielding a club (almost dead)
You throw a stone. The stone closely misses the goblin.
Throwing (i - inventory. (,) - cycle):
g - 37 stones (quivered)
Press: ? - help, Shift-Dir - straight line, f/p - goblin
Aim: a goblin, wielding a club (almost dead)
You throw a stone. The stone closely misses the goblin.
Throwing (i - inventory. (,) - cycle):
g - 36 stones (quivered)
Press: ? - help, Shift-Dir - straight line, f/p - goblin
Aim: a goblin, wielding a club (almost dead)
You throw a stone. The stone closely misses the goblin.
A goblin is nearby!
You hit the goblin.
You kill the goblin!
You see here a club.
g - 38 stones (gained 3)
g - 39 stones (gained 1)
g - 40 stones (gained 1)
An adder comes into view.
Throwing (i - inventory. (,) - cycle):
g - 40 stones (quivered)
Press: ? - help, Shift-Dir - straight line, f - adder
Aim: an adder (resting)
You throw a stone.
The stone hits the adder but does no damage.
The adder hisses angrily.
An adder is nearby!
Throwing (i - inventory. (,) - cycle):
g - 39 stones (quivered)
Press: ? - help, Shift-Dir - straight line, f/p - adder
Aim: an adder You throw a stone.
The stone completely misses the adder.
A frilled lizard comes into view.
Found 7 gold pieces and 18 stones.
Throwing (i - inventory. (,) - cycle):
g - 38 stones (quivered)
Press: ? - help, Shift-Dir - straight line, f/p - adder
Aim: an adder You throw a stone.
The stone hits the frilled lizard.
You kill the frilled lizard!
Throwing (i - inventory. (,) - cycle):
g - 37 stones (quivered)
Press: ? - help, Shift-Dir - straight line, f - adder
Aim: an adder You throw a stone.
The stone barely misses the adder.
The adder bites you.
You take 4 damage, and have 19/23 hp.
You hit the adder but do no damage. The adder closely misses you.
You closely miss the adder. The adder bites you.
You take 5 damage, and have 14/23 hp.
MASSIVE DAMAGE!!
You miss the adder. The adder bites you but does no damage.
You closely miss the adder. You tail-slap the adder.
The adder is heavily wounded.
The adder closely misses you.
You completely miss the adder.
The adder is heavily wounded.
The adder closely misses you. The adder misses you.
You barely miss the adder.
The adder is heavily wounded.
The adder closely misses you.
You hit the adder but do no damage.
The adder is heavily wounded.
The adder misses you.
You barely miss the adder.
The adder is heavily wounded.
The adder bites you.
You take 2 damage, and have 13/23 hp.
You hit the adder.
The adder is severely wounded.
The adder bites you.
You are poisoned.
The adder poisons you!
You take 1 damage, and have 12/23 hp.
You miss the adder.
The adder is severely wounded.
You feel sick. You block the adder's attack. The adder barely misses you.
You take 1 damage, and have 11/23 hp.
You closely miss the adder.
The adder is severely wounded.
The adder bites you.
* * * LOW HITPOINT WARNING * * *
You take 5 damage, and have 6/23 hp.
MASSIVE DAMAGE!!
You closely miss the adder.
The adder is severely wounded.
The adder bites you.
* * * LOW HITPOINT WARNING * * *
You take 2 damage, and have 4/23 hp.
Fire/throw which item? (* to show all) (? for menu, Esc to quit)
Press: ? - help, Shift-Dir - straight line, f/p - adder
Aim: an adder (severely wounded)
You throw a javelin. The javelin barely misses the adder.
* * * LOW HITPOINT WARNING * * *
You feel sick. The adder bites you.
* * * LOW HITPOINT WARNING * * *
You are more poisoned.
The adder poisons you! The adder bites you.
You die...

......# #.####.#
##.#### #### #.#....#
#.# #((. #.#.##.# #.#
#(... #.#.##.# #.#
#.... #......# #.##
#..... ###.#### #..#
#.$...####.# ##.#
#..(S.##.# #.# ###
#@##.# #)#######.##
#.##.#
#........#.###.##.#
#..####..##.##.##.#
#..###.#.##.......#.#
#.....##...........#
##.##..#.......##..#
#..........#####..#
#######.#..#####.#.#


You could see an adder.

Vanquished Creatures
  A dart slug (D:1)
  4 bats
  3 giant cockroaches
  4 goblins
  A hobgoblin (D:1)
  3 frilled lizards
  2 kobolds
  A rat (D:1)
19 creatures vanquished.

Notes
Turn   | Place    | Note
-------+----------+-------------------------------------------
     0 | D:1      | Monsterracer the Draconian Arcane Marksman began the quest for the Orb.
     0 | D:1      | Reached XP level 1. HP: 16/16 MP: 2/2
   186 | D:1      | Reached skill level 1 in Unarmed Combat
   310 | D:1      | Reached XP level 2. HP: 22/23 MP: 3/3
  1170 | D:2      | HP: 11/23 [poisoned by an adder]
  1172 | D:2      | HP: 4/23 [adder (2)]
  1173 | D:2      | Slain by an adder

Skill      XL: |  1  2 |
---------------+-------+-----
Unarmed Combat | 1 2 |  2.4
Fighting       | |  1.1
Throwing       | |  1.7
Dodging        | |  1.7
Spellcasting   | |  1.0
Hexes          | |  2.6

Action                   || total
-------------------------++-------
Melee: Unarmed           ||    80
       Tailslap          ||    11
       Punch             ||     1
Throw: Stone             ||    19
       Javelin           ||     2
  Eat: Chunk             ||     1
Armor: Skin              ||    24
Dodge: Dodged            ||    52
Block: Other             ||     2

Vault maps used:
D:1:      wheals_arrival_shading
D:2:      uniq_jessica
